 Dungeon Crawl Stone Soup version 0.31.0-11-ge490571c62 (webtiles) character file.

Game seed: 11013695289361395150

72615 Minsecho the Toxicologist (level 15, -16/99 HPs)
             Began as an Octopode Alchemist on Feb 8, 2024.
             Was a High Priest of Ashenzari.
             Killed from afar by a war gargoyle (36 damage)
             ... with a spray of metal splinters
             ... on level 12 of the Dungeon.
             The game lasted 01:22:04 (22252 turns).

Minsecho the Toxicologist (Octopode Alchemist)     Turns: 22252, Time: 01:22:05

Health: -16/99     AC:  8    Str:  9    XL:     15   Next: 40%
Magic:  40/44      EV: 22    Int: 32    God:    Ashenzari [*****.]
Gold:   1793       SH:  6    Dex: 15    Spells: 2/45 levels left

rFire   . . .        s - staff of the Fated Lifelessness (curse) {rPois Alchemy, Dev, Sorc} (curse)
rCold   . . .        w - +0 buckler of Supernal Gnosis {Comp, Fort} (curse)
rNeg    + + .        p - +3 hat of Pondering {ponderous, Will+ MP+10 Int+5}
rPois   +            (no amulet)
rElec   .            h - ring "Revealing Embarrassment" {Int+6, Melee, Range} (curse)
rCorr   .            y - ring "Esoteric Fetters" {AC+4, Melee, Cun} (curse)
SInv    +            C - ring of Ashenzari's Comet {EV+5, Dev, Melee} (curse)
Will    ++...        G - ring "Ruined Together" {Wiz, Sorc, Self} (curse)
Stlth   ++++++       J - ring of Desmomancy {rN+, Cun, Elem} (curse)
HPRegen 0.36/turn    L - ring of the Eye in the Sky {Wiz rPois, Self, Sorc} (curse)
MPRegen 0.29/turn    M - ring of Supernal Understanding {Slay+4, Bglg, Elem} (curse)
                     P - ring of positive energy

%: clarity, wizardry (x2)
@: about to teleport, studying Earth Magic, slow
A: almost no armour, amphibious, 8 rings, camouflage 1, gelatinous body 1,
(nimble swimmer 1), tentacles
a: Renounce Religion, Curse Item, Shatter the Chains


You were on level 12 of the Dungeon.
You worshipped Ashenzari.
Ashenzari was extremely pleased with you.
You visited 3 branches of the dungeon, and saw 18 of its levels.
You also visited: Sewer.

You collected 1793 gold pieces.

Inventory:

Hand Weapons
 b - a +0 rapier
 m - the +4 hand axe of Exquisite Death {heavy, rF+ Dex+2}
   (You found it on level 2 of the Dungeon)

   Dex+2:     It affects your dexterity (+2).
   rF+:       It protects you from fire.
Missiles
 o - 27 poisoned darts
Armour
 p - the +3 hat of Pondering (worn) {ponderous, Will+ MP+10 Int+5}
   (You took it off Gastronok on level 11 of the Dungeon)

   Int+5:     It affects your intelligence (+5).
   Will+:     It increases your willpower.
   MP+10:     It affects your magic capacity (+10).
 w - the cursed +0 buckler of Supernal Gnosis (worn) {Comp, Fort}
   (You took it off a gnoll sergeant on level 5 of the Dungeon)

   It has a curse which improves the following skills: Companions: Summonings
   and Necromancy.
   Fortitude: Shields.
Magical Staves
 s - the cursed staff of the Fated Lifelessness (weapon) {rPois Alchemy, Dev, Sorc}
   (You found it on level 4 of the Dungeon)

   [staff of alchemy]

   Base accuracy: +5 Base damage: 5 Base attack delay: 1.2 This weapon's minimum
   attack delay (0.6) is reached at skill level 12.
   rPois:     It protects you from poison Alchemy: It increases the power of
   your Alchemy spells.
   It falls into the 'Staves' category.
   It is a one-tentacled weapon.
   It has a curse which improves the following skills: Devices: Evocations and
   Shapeshifting.
   Sorcery:   Conjurations and Alchemy.
Jewellery
 h - the cursed ring "Revealing Embarrassment" (left tentacle) {Int+6, Melee, Range}
   (You found it on level 1 of the Dungeon)

   [ring of intelligence]

   Int+6:     It affects your intelligence (+6).
   It has a curse which improves the following skills: Melee Combat: Short
   Blades, Long Blades, Axes, Maces & Flails, Polearms, Staves and Unarmed
   Combat.
   Ranged Combat: Ranged Weapons and Throwing.
 t - a ring of fire
 y - the cursed ring "Esoteric Fetters" (right tentacle) {AC+4, Melee, Cun}
   (You took it off an orc on level 6 of the Dungeon)

   [ring of protection]

   AC+4:      It affects your AC (+4).
   It has a curse which improves the following skills: Melee Combat: Short
   Blades, Long Blades, Axes, Maces & Flails, Polearms, Staves and Unarmed
   Combat.
   Cunning:   Dodging and Stealth.
 C - the cursed ring of Ashenzari's Comet (on tentacle) {EV+5, Dev, Melee}
   (You found it on level 6 of the Dungeon)

   [ring of evasion]

   EV+5:      It affects your evasion (+5).
   It has a curse which improves the following skills: Devices: Evocations and
   Shapeshifting.
   Melee Combat: Short Blades, Long Blades, Axes, Maces & Flails, Polearms,
   Staves and Unarmed Combat.
 D - a ring of ice
 G - the cursed ring "Ruined Together" (on tentacle) {Wiz, Sorc, Self}
   (You took it off a kobold brigand on level 8 of the Dungeon)

   [ring of wizardry]

   Wiz:       It improves your spell success rate.
   It has a curse which improves the following skills: Sorcery: Conjurations and
   Alchemy.
   Introspection: Fighting and Spellcasting.
 J - the cursed ring of Desmomancy (on tentacle) {rN+, Cun, Elem}
   (You found it on level 9 of the Dungeon)

   [ring of positive energy]

   rN+:       It protects you from negative energy.
   It has a curse which improves the following skills: Cunning: Dodging and
   Stealth.
   Elements:  Fire Magic, Ice Magic, Air Magic and Earth Magic.
 L - the cursed ring of the Eye in the Sky (on tentacle) {Wiz rPois, Self, Sorc}
   (You found it on level 11 of the Dungeon)

   [ring of wizardry]

   Wiz:       It improves your spell success rate.
   rPois:     It protects you from poison It has a curse which improves the
   following skills: Introspection: Fighting and Spellcasting.
   Sorcery:   Conjurations and Alchemy.
 M - the cursed ring of Supernal Understanding (on tentacle) {Slay+4, Bglg, Elem}
   (You took it off an orc on level 12 of the Dungeon)

   [ring of slaying]

   Slay+4:    It affects your accuracy & damage with ranged weapons and melee
   (+4).
   It has a curse which improves the following skills: Beguiling: Hexes and
   Translocations.
   Elements:  Fire Magic, Ice Magic, Air Magic and Earth Magic.
 P - a ring of positive energy (on tentacle)
 U - a +4 ring of protection
Wands
 B - a wand of paralysis (22)
 F - a wand of digging (4)
 H - a wand of flame (18)
 I - a wand of polymorph (9)
 N - a wand of mindburst (11)
 O - a wand of iceblast (7)
Scrolls
 d - 2 scrolls of poison
 e - 2 scrolls of fog
 f - 2 scrolls of amnesia
 g - 2 scrolls of vulnerability
 i - 6 scrolls of teleportation
 k - a scroll of immolation
 n - 6 scrolls of revelation
 r - 4 scrolls of enchant armour
 z - 2 scrolls of torment
 E - a scroll of fear
Potions
 a - a potion of magic
 c - a potion of berserk rage
 j - 2 potions of resistance
 l - 5 potions of lignification
 q - a potion of invisibility
 u - 3 potions of attraction
 v - 2 potions of mutation
 x - 4 potions of haste
 A - 3 potions of might
 K - 2 potions of ambrosia
 Q - 3 potions of curing
 R - 2 potions of heal wounds
 S - 2 potions of enlightenment
Miscellaneous
 T - a lightning rod (4/4)


   Skills:
 + Level 5.0(8.1) Fighting
 - Level 2.4(5.6) Short Blades
 - Level 0.1(0.7) Axes
 - Level 8.3(12.5) Staves
 + Level 6.6(9.8) Dodging
 - Level 8.7(11.9) Stealth
 + Level 4.8(6.8) Shields
 + Level 12.5(15.6) Spellcasting
 + Level 8.1(12.3) Conjurations
 + Level 0.4(1.2) Hexes
 + Level 3.0(4.8) Necromancy
 + Level 4.0(6.0) Translocations
 + Level 1.0(2.7) Fire Magic
 + Level 4.4(7.3) Ice Magic
 + Level 5.6(8.7) Air Magic
 + Level 1.5(3.6) Earth Magic
 + Level 13.2(17.3) Alchemy
 + Level 2.0(4.3) Evocations
 + Level 7.9(11.1) Shapeshifting


You had 2 spell levels left.
You knew the following spells:

 Your Spells              Type           Power      Damage    Failure   Level
a - Sting                 Conj/Alch      100%       1d9       0%          1
b - Mercury Vapours       Alch/Air       100%       N/A       0%          2
c - Mephitic Cloud        Conj/Alch/Air  100%       N/A       1%          3
d - Olgreb's Toxic Radia  Alch           100%       N/A       0%          4
e - Lesser Beckoning      Tloc           100%       N/A       1%          2
f - Sticky Flame          Fire/Alch      94%        2d14      1%          4
g - Slow                  Hex            100%       N/A       1%          1
h - Sigil of Binding      Hex            33%        N/A       1%          3
i - Dispersal             Tloc           29%        N/A       9%          6
r - Searing Ray           Conj           100%       2d8       0%          2
v - Vampiric Draining     Necr           54%        2d9       1%          3
A - Stone Arrow           Conj/Erth      100%       3d13      1%          3
C - Freezing Cloud        Conj/Ice/Air   36%        6-21      1%          5
F - Fulminant Prism       Conj/Alch      55%        3d24      1%          4

Your spell library contained the following spells:

 Spells                   Type           Power      Damage    Failure   Level
 Magic Dart               Conj           100%       1d8       0%          1
 Necrotise                Necr           100%       1d9       1%          1
 Sandblast                Erth           96%        2d20      1%          1
 Confusing Touch          Hex            33%        N/A       1%          3
 Gell's Gravitas          Tloc           59%        N/A       1%          3
 Passwall                 Erth           48%        N/A       1%          3
 Teleport Other           Tloc           59%        N/A       1%          3
 Brom's Barrelling Bould  Conj/Erth      66%        2d8       1%          4
 Martyr's Knell           Necr/Summ      41%        N/A       2%          4
 Curse of Agony           Necr           54%        N/A       2%          5


Dungeon Overview and Level Annotations

Branches:
Dungeon (12/15)            Temple (1/1) D:4            Lair (5/5) D:8
  Swamp (0/4) Lair:2        Snake (0/4) Lair:2        Slime (0/5) Lair:4
    Orc (0/2) D:9           Sewer (visited)

Altars:
Ashenzari
Cheibriados
Dithmenos
Elyvilon
Fedhas
Gozag
Hepliaklqana
Kikubaaqudgha
Makhleb
Nemelex Xobeh
Okawaru
Qazlal
Ru
Sif Muna
Trog
Uskayaw
Vehumet
Wu Jian
Xom
Yredelemnul
Zin
The Shining One
Jiyva

Shops:
D:3 (


Innate Abilities, Weirdness & Mutations

You cannot wear most types of armour.
You are amphibious.
You can wear up to eight rings at the same time.
Your skin changes colour to match your surroundings (Stealth+).
Your rubbery body absorbs attacks. (AC +1, EV +1)
((You are camouflaged when in or above water. (Stealth+)))
You have tentacles for arms and can constrict up to eight enemies at once.


Message History

A war gargoyle is nearby!
Casting: Freezing Cloud (mildly dangerous; 1% risk of failure)
Confirm with . or Enter, or press ? or * to list all spells.
Okay, then.
Casting: Freezing Cloud (mildly dangerous; 1% risk of failure)
Confirm with . or Enter, or press ? or * to list all spells.
You inscribe a pair of binding sigils.
The war gargoyle launches metal splinters at you.
The spray of metal splinters misses you.
Casting: Sigil of Binding (safe; 1% risk of failure)
Confirm with . or Enter, or press ? or * to list all spells.
Aiming: Fulminant Prism (safe; 1% risk of failure)
Press: ? - help, Dir - move target You feel a surge of power!
You conjure a prism of explosive energy!
A fulminant prism comes into view.
Your fulminant prism crackles loudly.
You hear an explosion!
Casting: Fulminant Prism (safe; 1% risk of failure)
Confirm with . or Enter, or press ? or * to list all spells.
Your binding sigil disappears.
You inscribe a pair of binding sigils.
The war gargoyle hits you with a +0 dire flail!!!
The war gargoyle launches metal splinters at you.
You block the spray of metal splinters.
The war gargoyle moves over your binding sigil and is bound in place!
The war gargoyle misses you.
The war gargoyle launches metal splinters at you.
The spray of metal splinters hits you!!!
* * * LOW HITPOINT WARNING * * *
You see here a +0 short sword.
You see here a +0 dagger.
Okay, then.
Okay, then.
Okay, then.
As you read the scroll of teleportation, it crumbles to dust.
You feel strangely unstable.
The war gargoyle launches metal splinters at you.
The spray of metal splinters hits you!!!
You die...

..#.# #..........#.9##
..#.###..........##..#
#................###.#
###.###..........# #.#
#.###....).....# #.#
#..##..).......# #.###
####.##.##...##### #...####
........##.#...#####.#....#
.###.........)..@).9[.....#
.# #..####)#######'#####..#
.# #.###...).###.....###..#
.# #.####.....###.....##..#
.###.#.###.....###.....#..#
.....#..###.....###....#..#
...>.'...###.รท...###...'..#
.###.#....####)######:.#..#
.###.#.....#..)..#.###.#..#


You could see a war gargoyle (swift, catching breath).

Vanquished Creatures
  Gastronok (D:11)
  Nessos (Lair:5)
  6 hydras
  3 catoblepae (Lair:5)
  2 boulder beetles
  4 two-headed ogres
  10 death yaks (Lair:5)
  Urug (Lair:4)
  A demonic crawler (Lair:5)
  3 skysharks
  2 skeletal warriors (D:12)
  Amaemon (Lair:1)
  An ugly thing (D:12)
  A deep elf pyromancer (D:12)
  3 cyclopes
  3 manticores
  A salamander (Lair:2)
  22 elephants
  3 meliai (Lair:3)
  4 black mambas
  An orange demon (Lair:1)
  2 torpor snails (Lair:2)
  2 gargoyles
  Maggie (D:8)
  12 cane toads
  3 rime drakes
  2 unseen horrors
  11 komodo dragons
  A queen bee (Lair:3)
  3 trolls (D:12)
  A tyrant leech (Lair:5)
  3 polar bears
  13 blink frogs
  8 dream sheep
  A slime creature (D:10)
  A vampire (D:12)
  7 wyverns
  2 steam dragons
  79 yaks
  6 basilisks
  2 vampire mosquitoes (D:11)
  2 acid dragons
  3 swamp worms (Lair:5)
  25 water moccasins
  Pargi (Sewer)
  3 orc warriors
  A black bear (D:7)
  5 ice beasts
  5 ogres
  4 wolves
  4 centaurs
  2 kobold brigands
  A phantom (D:4)
  11 bullfrogs
  A brain worm (Sewer)
  6 gnoll sergeants
  2 scorpions
  3 wights (D:10)
  37 killer bees
  4 howler monkeys
  An electric eel (Lair:2)
  4 lava snakes (Lair:2)
  A bombardier beetle (D:3)
  9 orc priests
  2 hounds (D:4)
  A gnoll bouda (Lair:4)
  10 jellies
  2 iguanas
  A sleepcap (D:6)
  Natasha (thrice) (D:4)
  13 orc wizards
  28 gnolls
  A river rat (D:3)
  9 adders
  A shadow imp (D:8)
  A white imp (D:7)
  6 ufetubi
  2 dart slugs (D:4)
  A ribbon worm (D:4)
  57 orcs
  9 endoplasms
  7 giant cockroaches
  8 goblins
  3 hobgoblins
  15 kobolds
  2 quokkas (D:1)
  5 ball pythons
  3 bats
  4 frilled lizards
  4 rats (D:1)
  3 butterflies
  A fulminant prism (D:12)
571 creatures vanquished.

Vanquished Creatures (others)
  7 fulminant prisms (D:12)
7 creatures vanquished.

Grand Total: 578 creatures vanquished

Notes
Turn   | Place    | Note
-------+----------+-------------------------------------------
     0 | D:1      | Minsecho the Octopode Alchemist began the quest for the
                  | Orb.
     0 | D:1      | Reached XP level 1. HP: 11/11 MP: 3/3
   219 | D:1      | Found a faded altar of an unknown god.
   278 | D:1      | Reached XP level 2. HP: 15/17 MP: 5/5
   385 | D:1      | Reached skill level 4 in Alchemy
   616 | D:1      | Reached XP level 3. HP: 21/21 MP: 6/6
  1319 | D:2      | Identified the +4 hand axe of Exquisite Death {heavy, rF+
                  | Dex+2}
  1520 | D:2      | Reached skill level 1 in Short Blades
  1520 | D:2      | Reached XP level 4. HP: 21/27 MP: 3/7
  1598 | D:2      | Learned a level 2 spell: Mercury Vapours
  1601 | D:2      | Learned a level 2 spell: Lesser Beckoning
  1779 | D:3      | Found Viocimas's Antique Weapon Boutique.
  1826 | D:3      | Found a glowing drain.
  1958 | Sewer    | Entered a sewer
  2026 | Sewer    | Noticed Pargi
  2043 | Sewer    | Killed Pargi
  2044 | Sewer    | Reached XP level 5. HP: 32/32 MP: 0/8
  2140 | Sewer    | Reached skill level 5 in Stealth
  2140 | Sewer    | Reached XP level 6. HP: 33/37 MP: 7/9
  2904 | D:4      | Found a staircase to the Ecumenical Temple.
  2918 | Temple   | Entered the Ecumenical Temple
  2933 | Temple   | Became a worshipper of Ashenzari the Shackled
  3263 | D:4      | Noticed Natasha
  3272 | D:4      | Killed Natasha
  3396 | D:4      | Reached skill level 1 in Fighting
  3396 | D:4      | Reached XP level 7. HP: 43/43 MP: 10/12
  3470 | D:4      | Noticed Natasha
  3483 | D:4      | Learned a level 3 spell: Mephitic Cloud
  3864 | D:4      | Killed Natasha
  4197 | D:4      | Noticed Natasha
  4212 | D:4      | Killed Natasha
  4233 | D:5      | Entered Level 5 of the Dungeon
  4341 | D:4      | Reached skill level 5 in Alchemy
  4482 | D:5      | Learned a level 4 spell: Olgreb's Toxic Radiance
  4556 | D:5      | Reached skill level 1 in Staves
  4671 | D:4      | Reached XP level 8. HP: 5/50 MP: 9/13
  5104 | D:5      | Reached skill level 1 in Air Magic
  5725 | D:6      | Reached * piety under Ashenzari
  5877 | D:6      | Learned a level 2 spell: Searing Ray
  6411 | D:6      | Reached skill level 6 in Alchemy
  6411 | D:6      | Reached skill level 1 in Evocations
  6411 | D:6      | Reached XP level 9. HP: 45/56 MP: 5/16
  6907 | D:7      | Reached skill level 5 in Spellcasting
  7504 | D:7      | Found a burning altar of Makhleb.
  7504 | D:7      | Found a sparkling altar of Nemelex Xobeh.
  7566 | D:7      | Reached skill level 7 in Alchemy
  7791 | D:7      | Learned a level 4 spell: Sticky Flame
  7989 | D:8      | Noticed Maggie
  8002 | D:8      | Killed Maggie
  8003 | D:8      | Reached XP level 10. HP: 45/63 MP: 8/19
  8025 | D:8      | Reached ** piety under Ashenzari
  8101 | D:8      | Reached skill level 5 in Conjurations
  8256 | D:8      | Found an iron altar of Okawaru.
  8403 | D:8      | Found a staircase to the Lair.
  8413 | D:8      | Reached skill level 8 in Alchemy
  8517 | D:8      | Found a shimmering altar of Xom.
  8828 | D:8      | Learned a level 3 spell: Vampiric Draining
  9147 | D:9      | Reached skill level 5 in Dodging
  9274 | D:9      | Reached skill level 1 in Necromancy
  9275 | D:9      | Reached skill level 9 in Alchemy
  9519 | D:9      | Reached skill level 1 in Translocations
  9523 | D:9      | Found a staircase to the Orcish Mines.
  9733 | D:9      | Reached skill level 1 in Shapeshifting
  9733 | D:9      | Reached XP level 11. HP: 71/71 MP: 15/23
  9860 | D:10     | Entered Level 10 of the Dungeon
 10320 | D:10     | Found a viscous altar of Jiyva.
 10407 | D:10     | Noticed a cyclops
 10431 | D:10     | Killed a cyclops
 10592 | D:10     | Reached skill level 5 in Staves
 11162 | D:10     | Reached *** piety under Ashenzari
 11169 | D:10     | Learned a level 5 spell: Freezing Cloud
 11323 | D:11     | Identified the ring of Qosoa {Wiz rPois}
 11333 | D:11     | Noticed a boulder beetle
 11350 | D:11     | Killed a boulder beetle
 11486 | D:11     | Learned a level 3 spell: Stone Arrow
 11528 | D:11     | Noticed a two-headed ogre
 11549 | D:11     | Killed a two-headed ogre
 11550 | D:11     | Noticed a cyclops
 11572 | D:11     | Killed a cyclops
 12245 | D:11     | Noticed Gastronok
 12279 | D:11     | Killed Gastronok
 12280 | D:11     | Reached skill level 10 in Alchemy
 12587 | D:12     | Reached XP level 12. HP: 77/77 MP: 26/26
 12808 | D:12     | Noticed a two-headed ogre
 12822 | D:12     | Killed a two-headed ogre
 12823 | D:12     | Reached skill level 1 in Shields
 13216 | D:12     | Noticed a two-headed ogre
 13231 | D:12     | Killed a two-headed ogre
 13333 | D:12     | Noticed a war gargoyle
 13507 | Lair:1   | Entered Level 1 of the Lair of Beasts
 13566 | Lair:1   | Reached skill level 1 in Earth Magic
 13585 | Lair:1   | Noticed Amaemon
 13716 | Lair:1   | Killed Amaemon
 13987 | Lair:1   | Reached skill level 1 in Ice Magic
 13990 | Lair:1   | Reached XP level 13. HP: 83/83 MP: 26/27
 13992 | Lair:1   | Reached skill level 11 in Alchemy
 14125 | Lair:1   | Reached skill level 5 in Shapeshifting
 15137 | Lair:2   | Reached skill level 10 in Spellcasting
 15665 | Lair:2   | Found a staircase to the Snake Pit.
 15800 | Lair:2   | Found a staircase to the Swamp.
 16422 | Lair:3   | Reached **** piety under Ashenzari
 16611 | Lair:3   | Reached XP level 14. HP: 91/92 MP: 14/31
 16795 | Lair:3   | Reached skill level 1 in Fire Magic
 16945 | Lair:3   | Reached skill level 12 in Alchemy
 18227 | Lair:4   | Found a staircase to the Slime Pits.
 18266 | Lair:4   | Identified the +3 dagger of Departure {heavy, Str+3 SInv}
 18558 | Lair:4   | Reached ***** piety under Ashenzari
 18952 | Lair:5   | Entered Level 5 of the Lair of Beasts
 18963 | Lair:5   | Noticed Urug
 18975 | Lair:4   | Killed Urug
 19132 | Lair:5   | Noticed Nessos
 19674 | Lair:5   | Reached skill level 5 in Air Magic
 19885 | Lair:5   | Identified the +9 orcbow "Demonbane" {drain, *Slow rF+
                  | Int+2}
 19888 | Lair:5   | Identified the +9 great sword of Rurchog {venom, ^Drain
                  | rPois Int+5 Dex+3}
 19990 | Lair:5   | Killed Nessos
 20142 | Lair:5   | Reached XP level 15. HP: 99/99 MP: 33/33
 20567 | Lair:5   | Reached skill level 5 in Fighting
 20847 | Lair:5   | Reached skill level 13 in Alchemy
 21210 | Lair:5   | Learned a level 1 spell: Slow
 21214 | Lair:5   | Learned a level 3 spell: Sigil of Binding
 21219 | Lair:5   | Learned a level 4 spell: Fulminant Prism
 21907 | D:12     | Found the +10 dark maul {heavy}
 22058 | D:12     | Learned a level 6 spell: Dispersal
 22252 | D:12     | Killed from afar by a war gargoyle

Illustrated notes

Levels and vault maps discovered:
D:1:      nzn_arrival_depleted_hourglass, layout_basic,
          shapermc_ecumenical_altar_flowoftime
D:2:      layout_loops_cross
D:3:      layout_loops_ring, mainiacjoe_sewer_entry_somewhere_in_here_1,
          serial_shops, nicolae_shop_window_shopping
D:4:      layout_loops_cross, temple_pool_b, nicolae_houndstooth_variations,
          uniq_natasha
D:5:      layout_rooms
D:6:      layout_loops_corners, grunt_decor_clamped, serial_park_tiny_pond
D:7:      layout_basic, gammafunk_temple_overflow_elements
D:8:      layout_gridville, mainiacjoe_overflow_small_starburst,
          okawaru_metal_pillars_3, hellmonk_lair_entry_icy, uniq_maggie
D:9:      layout_basic, hiddenorc2_lemuel
D:10:     layout_basic, jiyva_altar_1
D:11:     layout_long_grid, nicolae_the_louvre, uniq_gastronok
D:12:     minmay_roctagon, layout_rooms, minmay_quadrilaterals
Temple:   eino_narrow_crystal_temple
Lair:1:   layout_roguey, grunt_megastairs_4, lemuel_fruit_fields, uniq_amaemon
Lair:2:   beargit_carnivore_pack, layout_loops_ring, swamp_mist_pool,
          nicolae_snake_entry_warm_welcome, grunt_megastairs_5,
          lemuel_fruit_fields
Lair:3:   regret_index_tunnel_blossom, layout_small_grid,
          bh_autumn_forest_stairs, beast_lair_carwin_4
Lair:4:   layout_loops_ring, slime_entry_2, dreamdust_gnoll_shepherd,
          lemuel_fruit_fields
Lair:5:   evilmike_catoblepas_cave, layout_gridlike, worms_lemuel,
          lemuel_fruit_fields, lemuel_fruit_tree, uniq_nessos, uniq_urug

Skill      XL: |  1  2  3  4  5  6  7  8  9 10 11 12 13 14 15 |
---------------+----------------------------------------------+-----
Stealth        | 3 4 5 6 7 8 |  8.7
Alchemy        | 4 5 6 7 9 10 11 12 13 | 13.2
Short Blades   | 1 2 |  2.4
Conjurations   | 2 3 4 5 6 7 8 |  8.1
Spellcasting   | 3 4 6 7 8 9 10 11 12 | 12.5
Fighting       | 1 2 3 4 5 |  5.0
Dodging        | 3 4 5 6 |  6.6
Staves         | 1 2 3 4 5 6 8 |  8.3
Air Magic      | 1 2 3 4 5 |  5.6
Evocations     | 1 2 |  2.0
Necromancy     | 1 3 |  3.0
Translocations | 1 3 4 |  4.0
Shapeshifting  | 1 3 4 6 7 |  7.9
Shields        | 3 4 |  4.8
Earth Magic    | 1 |  1.5
Ice Magic      | 1 3 4 |  4.4
Fire Magic     | 1 |  1.0
Axes           | |  0.1
Hexes          | |  0.4

Action                     |  1- 3 |  4- 6 |  7- 9 | 10-12 | 13-15 || total
---------------------------+-------+-------+-------+-------+-------++-------
  Melee: Rapier            |    47 |    17 |       |       |       ||    64
         Constrict         |    11 |    10 |    31 |    32 |    22 ||   106
         Tentacles         |     5 |     7 |    36 |    44 |    48 ||   140
         Hand axe          |     2 |       |       |       |       ||     2
         Staff             |       |    19 |   122 |   170 |   204 ||   515
         Punch             |       |       |     3 |     5 |     4 ||    12
   Cast: Sting             |    27 |    45 |    91 |    55 |    60 ||   278
         Mercury Vapours   |       |     5 |     1 |     1 |       ||     7
         Mephitic Cloud    |       |       |    13 |    12 |     3 ||    28
         Searing Ray       |       |       |    15 |    20 |     3 ||    38
         Olgreb's Toxic Ra |       |       |     5 |    63 |    88 ||   156
         Sticky Flame      |       |       |     1 |     5 |     1 ||     7
         Vampiric Draining |       |       |       |     1 |       ||     1
         Stone Arrow       |       |       |       |    26 |    19 ||    45
         Freezing Cloud    |       |       |       |    14 |    95 ||   109
         Fulminant Prism   |       |       |       |       |     8 ||     8
         Sigil of Binding  |       |       |       |       |     6 ||     6
 Invoke: Curse Item        |       |       |     3 |     3 |     3 ||     9
  Evoke: Wand              |       |       |     6 |     8 |       ||    14
    Use: Scroll            |       |     5 |     1 |     1 |     3 ||    10
         Potion            |       |       |     2 |     4 |       ||     6
   Stab: Sleeping          |    10 |     8 |     2 |     1 |     3 ||    24
         Confused          |       |       |     4 |     2 |       ||     6
         Paralysed         |       |       |     2 |       |       ||     2
         Distracted        |       |       |       |     2 |     1 ||     3
 Armour: Skin              |    20 |    15 |   107 |    88 |    75 ||   305
  Dodge: Dodged            |    45 |    28 |   167 |   211 |   145 ||   596
  Block: Buckler           |       |       |       |     6 |    49 ||    55
